 Dungeon Crawl Stone Soup version 0.31.0-11-ge490571c62 (webtiles) character file.

Game seed: 529489150202045025

826 shadowrider38 the Covert (level 7, -13/34 (36) HPs)
             Began as a Spriggan Enchanter on Jan 31, 2024.
             Was an Initiate of Elyvilon.
             Killed from afar by an orc sorcerer (22 damage)
             ... with a bolt of negative energy
             ... in a bailey.
             The game lasted 00:25:06 (3947 turns).

shadowrider38 the Covert (Spriggan Enchanter)       Turns: 3947, Time: 00:25:07

HP:   -13/34 (36)   AC:  3    Str:  4    XL:     7   Next: 64%
MP:   7/12          EV: 19    Int: 24    God:    Elyvilon [......]
Gold: 196           SH:  0    Dex: 16    Spells: 2/11 levels left

rFire   + . .        a - +1 dagger
rCold   + + +        (no shield)
rNeg    . . .        b - +0 robe
rPois   .            (helmet restricted)
rElec   .            h - +0 cloak
rCorr   .            (gloves unavailable)
SInv    +            (boots unavailable)
Will    ++...        g - amulet "Zemaant" {Faith *Corrode rC+++ Int+6}
Stlth   ++++         f - ring of protection from fire
HPRegen 0.25/turn    (no ring)
MPRegen 0.13/turn

%: corrode self (3%), faith
@: enlightened, flying, drained, very quick
A: very small, no large weapons, unfitting armour, see invisible, speed 3
a: Renounce Religion


You were in a bailey.
You worshipped Elyvilon.
Elyvilon was noncommittal.
You visited 2 branches of the dungeon, and saw 9 of its levels.
You also visited: Bailey.

You collected 196 gold pieces.

Inventory:

Hand Weapons
 a - a +1 dagger (weapon)
 n - a +3 sling
 p - a +3 scimitar
Missiles
 k - 4 poisoned darts
 t - 8 boomerangs
Armour
 b - a +0 robe (worn)
 c - the +1 hat of the Griffon {*Corrode rF++ Int+2}
   (You acquired it in a bailey)

   Int+2:     It affects your intelligence (+2).
   rF++:      It greatly protects you from fire.
   *Corrode:  It may corrode you when you take damage.
 h - a +0 cloak (worn)
Jewellery
 f - a ring of protection from fire (left hand)
 g - the amulet "Zemaant" (around neck) {Faith *Corrode rC+++ Int+6}
   (You acquired it on level 7 of the Dungeon)

   [amulet of faith]

   Faith:     It allows you to gain divine favour quickly.
   Int+6:     It affects your intelligence (+6).
   rC+++:     It renders you almost immune to cold.
   *Corrode:  It may corrode you when you take damage.
 q - an amulet of reflection
Talismans
 i - a serpent talisman
Scrolls
 e - a scroll of enchant weapon {unknown}
 m - a scroll of vulnerability
Potions
 j - 2 potions of mutation
 l - 2 potions of resistance


   Skills:
 - Level 3.0 Fighting
 - Level 1.1 Short Blades
 + Level 4.7 Dodging
 - Level 10.0 Stealth
 - Level 2.6 Spellcasting
 + Level 5.6 Hexes
 - Level 1.3 Ice Magic


You had 2 spell levels left.
You knew the following spells:

 Your Spells              Type           Power      Damage    Failure   Level
a - Ensorcelled Hibernat  Hex/Ice        40%        N/A       4%          2
b - Cause Fear            Hex            15%        N/A       11%         4
t - Tukima's Dance        Hex            30%        N/A       3%          3

Your spell library contained the following spells:

 Spells                   Type           Power      Damage    Failure   Level
 Slow                     Hex            100%       N/A       1%          1
 Lesser Beckoning         Tloc           6%         N/A       17%         2
 Confusing Touch          Hex            30%        N/A       3%          3
 Sigil of Binding         Hex            30%        N/A       3%          3
 Dazzling Flash           Conj/Hex       32%        N/A       11%         3
 Gell's Gravitas          Tloc           3%         N/A       32%         3
 Teleport Other           Tloc           3%         N/A       32%         3
 Vampiric Draining        Necr           3%         2d6       32%         3
 Fireball                 Conj/Fire      1%         3d3       97%         5
 Dragon's Call            Summ           1%         N/A       100%        9


Dungeon Overview and Level Annotations

Branches:
Dungeon (8/15) Zot: 26861  Temple (1/1) D:7 Zot: 5988  Bailey (1/1) Zot: 5899
   Lair: D:8-11

Altars:
Cheibriados
Dithmenos
Elyvilon
Fedhas
Gozag
Hepliaklqana
Makhleb
Nemelex Xobeh
Qazlal
Ru
Trog
Uskayaw
Vehumet
Wu Jian
Xom
Yredelemnul
Zin
The Shining One

Shops:
D:4 (   D:6 [   D:7 *

Annotations:
D:1 exclusions: door and goblin
D:4 exclusions: dart slug, hobgoblin, kobold, quokka and sleepcap
D:5 exclusions: 3 hounds and 2 iguanas, Grinder
D:6 exclusions: adder, gnoll bouda and 2 scorpions
D:7 exclusions: 2 iguanas, 2 orcs and sky beast
D:8 2 exclusions


Innate Abilities, Weirdness & Mutations

You are very small and have problems with some larger weapons.
You are too small for most types of armour.
You have supernaturally acute eyesight. (SInv)
You cover ground extremely quickly. (Speed+++)


Message History

The hobgoblin closely misses your orc warrior.
The orc sorcerer closely misses you.
The orc sorcerer closely misses your orc warrior.
The hobgoblin closely misses your orc warrior.
What are your orders? t - Shout!
Orders for allies: a - Attack new target. p - Attack previous target. r - Retreat! s - Stop attacking. g - Guard the area. f - Follow me.
Anything else - Cancel.
Guard this area!
The hobgoblin completely misses your orc warrior.
The hobgoblin closely misses your orc warrior.
The orc sorcerer hits you with a +0 war axe.
The orc sorcerer hits your orc warrior with a +0 war axe.
Your orc warrior barely misses the orc sorcerer.
Okay, then.
Unknown command.
What are your orders? t - Shout!
Orders for allies: a - Attack new target. p - Attack previous target. r - Retreat! s - Stop attacking. g - Guard the area. f - Follow me.
Anything else - Cancel.
Gang up on whom?
Press: ? - help, Dir - move target, f/p - orc sorcerer
Aim: an orc sorcerer, wielding a +0 war axe and wearing a +0 ring mail (ally target) Attack!
The hobgoblin hits your orc warrior but does no damage.
The hobgoblin hits something with a +0 hand axe.
The hobgoblin barely misses your orc warrior.
The hobgoblin closely misses something.
The orc sorcerer hits you with a +0 war axe!
* * * LOW HITPOINT WARNING * * *
The orc sorcerer hits your orc warrior with a +0 war axe.
Your orc warrior barely misses the orc sorcerer.
Okay, then.
Aiming: Ensorcelled Hibernation (safe; 4% risk of failure)
Press: ? - help, Q - select action, (/) - cycle Shift-Dir - straight line, f - hobgoblin, p - orc sorcerer
Aim: a hobgoblin, wielding a +0 hand axe and wearing a +0 leather armour (chance to affect: 70%)
Okay, then.
You feel very buoyant.
You fly up into the air.
The hobgoblin hits your orc warrior with a +0 hand axe.
The hobgoblin hits something with a +0 hand axe!
The hobgoblin hits your orc warrior with a +0 hand axe.
The orc sorcerer gestures at you while chanting.
The bolt of negative energy hits you!!
You feel drained.
Ouch! That really hurt!
You die...

≈≈≈ ≈≈≈≈ ≈≈≈≈
≈≈≈≈≈ ######~~~
#@#..'..
#o#..#############
#og.g'.....#......
#.g..#.....+.8.8.8
#.##############..
≈~.# #.. ≈≈≈~.#
#.. ≈≈≈≈≈~.# ###
≈≈≈≈≈~.# #.


You could see an orc sorcerer, 2 hobgoblins and a friendly orc warrior
(summoned).

Vanquished Creatures
  Sigmund (D:2)
  A wyvern (D:8)
  A water moccasin (D:6)
  2 wights (D:7)
  4 killer bees (D:5)
  A jelly (D:7)
10 creatures vanquished.

Vanquished Creatures (collateral kills)
  2 wights (D:7)
2 creatures vanquished.

Vanquished Creatures (others)
  A goblin (Bailey)
1 creature vanquished.

Grand Total: 13 creatures vanquished

Notes
Turn   | Place    | Note
-------+----------+-------------------------------------------
     0 | D:1      | shadowrider38 the Spriggan Enchanter began the quest for
                  | the Orb.
     0 | D:1      | Reached XP level 1. HP: 9/9 MP: 5/5
   190 | D:2      | Noticed Sigmund
   208 | D:2      | Killed Sigmund
   209 | D:2      | Reached skill level 9 in Stealth
   209 | D:2      | Reached XP level 2. HP: 7/13 MP: 6/6
   209 | D:2      | Reached XP level 3. HP: 9/16 MP: 8/8
   209 | D:2      | Reached XP level 4. HP: 11/21 MP: 9/9
   209 | D:2      | Reached XP level 5. HP: 13/24 MP: 10/10
   212 | D:2      | Learned a level 2 spell: Ensorcelled Hibernation
   486 | D:4      | Found Ukhaud's Weapon Boutique.
   571 | D:4      | Noticed a phantom
   610 | D:5      | Entered Level 5 of the Dungeon
   610 | D:5      | Noticed Grinder
   611 | D:5      | Noticed a centaur
   722 | D:4      | Found a hide-covered altar of Uskayaw.
  1152 | D:5      | shadowrider38: @?iguana
  1152 | D:5      | beem: iguana (l)
                  | Spd:
    10 | HD: 3    | HP: 14-19
                  | AC/EV: 5/9
                  | | Dam: 15
                  | cold-blooded
                  | Res: will(10)
                  | Corpse
                  | XP: 36
                  | | Sz: small
                  | Int: animal.
  1152 | D:5      | shadowrider38: @?hound
  1152 | D:5      | beem: hound (h)
                  | Spd:
    15 | HD: 3    | HP: 14-19
                  | AC/EV: 2/13
                  | | Dam: 6
                  | see invisible
                  | Res: will(10), blind
                  | Corpse
                  | | XP:
    42 | Sz: small | Int: animal.
  1152 | D:5      | shadowrider38: @? killer bee
  1152 | D:5      | beem: killer bee (y)
                  | Spd:
    20 | HD: 3    | HP: 14-19
                  | AC/EV:
                  | 2/18
                  | Dam: 10(poison:6-12)
                  | fly
                  | Res: will(10)
                  | Vul:
                  | poison
                  | Corpse
                  | XP:
    62 | Sz: tiny | Int: animal.
  1176 | D:5      | Reached XP level 6. HP: 11/30 MP: 2/11
  1280 | D:5      | Learned a level 3 spell: Tukima's Dance
  1307 | D:6      | Noticed a water moccasin
  1309 | D:6      | shadowrider38: @? water moccasin
  1309 | D:6      | beem: water moccasin (S)
                  | Spd: 14 (swim: 60%)
                  | HD: 5
                  | | HP: 23-32
                  | AC/EV: 2/15
                  | Dam: 10(poison:10-20)
                  | | amphibious, cold-blooded
                  | Res: will(20), poison, drown
                  | | Corpse
                  | XP:
   149 | Sz: small | Int: animal.
  1309 | D:6      | Killed a water moccasin
  1310 | D:6      | Reached skill level 10 in Stealth
  1608 | D:6      | shadowrider38: @?scorpion
  1608 | D:6      | beem: scorpion (s)
                  | Spd:
    12 | HD: 4    | HP: 15-21
                  | AC/EV:
                  | 5/10
                  | Dam: 8(poison:8-16)
                  | Res: will(20)
                  | Vul: poison
                  | | Corpse
                  | XP:
    83 | Sz: small | Int: animal.
  1746 | D:6      | Found Pobulaps's Armour Emporium.
  1825 | D:5      | Paralysed by Grinder for 4 turns
  2103 | D:7      | Found Anohemm's General Store.
  2127 | D:7      | Reached XP level 7. HP: 35/35 MP: 7/12
  2129 | D:7      | shadowrider38: @?jelly
  2129 | D:7      | beem: jelly (J)
                  | Spd:
    10 | HD: 3    | HP: 14-19
                  | AC/EV: 0/2
                  | | Dam: 3(acid:4d3)
                  | eats doors, amphibious, see invisible
                  | | Res: will(10), poison, acid+++, blind, drown
                  | XP: 42
                  | | Sz: small
                  | Int: brainless.
  2301 | D:7      | Reached skill level 3 in Fighting
  2301 | D:7      | Reached skill level 3 in Dodging
  2485 | D:7      | Identified 2 scrolls of acquirement
  2485 | D:7      | Acquired a book of the Dragon
  2492 | D:7      | Learned a level 4 spell: Cause Fear
  2492 | D:7      | Acquired the amulet "Zemaant" {Faith *Corrode rC+++ Int+6}
  3030 | D:7      | shadowrider38: @?iguana
  3030 | D:7      | beem: iguana (l)
                  | Spd:
    10 | HD: 3    | HP: 14-19
                  | AC/EV: 5/9
                  | | Dam: 15
                  | cold-blooded
                  | Res: will(10)
                  | Corpse
                  | XP: 36
                  | | Sz: small
                  | Int: animal.
  3162 | D:7      | Found a staircase to the Ecumenical Temple.
  3218 | D:7      | shadowrider38: @?gnoll bouda
  3218 | D:7      | beem: gnoll bouda (g)
                  | Spd:
    10 | HD: 3    | HP: 17-23
                  | | AC/EV: 4/9
                  | Dam: 10
                  | weapons, items, doors, priest, evil
                  | | Res: will(20)
                  | Corpse
                  | XP: 40
                  | Sp: heal other (2d1+3)
                  | [!AM], minor healing (2d1+3) [!AM, emergency], weakening
                  | gaze [!AM], hunting call [!AM]
                  | Sz: Medium
                  | Int: human.
  3494 | Temple   | Entered the Ecumenical Temple
  3502 | Temple   | Became a worshipper of Elyvilon the Healer
  3624 | D:8      | Noticed a wyvern
  3625 | D:8      | shadowrider38: @?wyvern
  3625 | D:8      | beem: wyvern (l)
                  | Spd:
    15 | HD: 5    | HP: 23-32
                  | AC/EV:
                  | 5/10
                  | Dam: 20
                  | fly
                  | Res: will(20)
                  | Corpse
                  | XP: 207
                  | | Sz: Large
                  | Int: animal.
  3633 | D:8      | Killed a wyvern
  3794 | D:8      | Found a flagged portal.
  3800 | Bailey   | Entered a bailey
  3935 | Bailey   | Noticed an orc sorcerer
  3941 | Bailey   | Acquired the +1 hat of the Griffon {*Corrode rF++ Int+2}
  3947 | Bailey   | Killed from afar by an orc sorcerer

Illustrated notes

Levels and vault maps discovered:
D:1:      heliophobic_arrival_glass_houses, layout_basic, serial_shops,
          nicolae_shop_temple_entry_statues_fountains
D:2:      layout_basic, uniq_sigmund, uniq_crazy_yiuf_cottage
D:3:      layout_rooms, overflow_temple_1_default, serial_rivers,
          chequers_serial_rivers_room_b, chequers_serial_rivers_marsh,
          chequers_serial_rivers_large_b, chequers_serial_rivers_small_b
D:4:      layout_gridville, mainiacjoe_overflow_small_starburst,
          mainiacjoe_overflow_24_doors, serial_shops, nicolae_shop_stone,
          kennysheep_orc_chapel
D:5:      layout_loops_ring, lemuel_zombie_altar_kikubaaqudgha,
          biasface_ghost_orc_armoury, uniq_grinder
D:6:      layout_cave_pods, nicolae_take_the_stairs, uniq_edmund
D:7:      layout_basic, minmay_temple_entry_offerings, serial_shops, shop_coins
D:8:      layout_loops_ring, marbit_many_paths, due_lair_maze_entry_diamond,
          enter_bailey_2, nicolae_diode_intersection
Temple:   sentei_temple_godly_chess
Bailey:   bailey_axe_of_yendor_kennysheep, bailey

Skill      XL: |  1  2  3  4  5  6  7 |
---------------+----------------------+-----
Stealth        | 9 10 | 10.0
Fighting       | 1 2 3 |  3.0
Hexes          | 4 5 |  5.6
Dodging        | 4 |  4.7
Ice Magic      | 1 |  1.3
Short Blades   | |  1.1
Spellcasting   | |  2.6

Action                     |  1- 3 |  4- 6 |  7- 9 || total
---------------------------+-------+-------+-------++-------
  Melee: Dagger            |    11 |     7 |    20 ||    38
         Punch             |       |       |     1 ||     1
   Cast: Ensorcelled Hiber |       |    23 |    15 ||    38
         Tukima's Dance    |       |       |     4 ||     4
         Cause Fear        |       |       |     3 ||     3
    Use: Potion            |     1 |       |     2 ||     3
         Scroll            |       |       |     9 ||     9
   Stab: Sleeping          |     1 |     7 |     1 ||     9
         Invisible         |     1 |       |       ||     1
 Armour: Robe              |     6 |    20 |    22 ||    48
  Dodge: Dodged            |    13 |    28 |    67 ||   108
